 Dungeon Crawl Stone Soup version 0.28-a0-1087-gf3fc490d9d (webtiles) character file.

Game seed: 13568845523674944666

3181 ytrimaz the Martial Artist (level 9, -2/73 HPs)
             Began as an Octopode Transmuter on Dec 10, 2021.
             Was an Initiate of Ashenzari.
             Killed by divine providence
             ... invoked by an orc priest
              (15 damage)
             ... on level 7 of the Dungeon.
             The game lasted 00:08:48 (8518 turns).

ytrimaz the Martial Artist (Octopode Transmuter)    Turns: 8518, Time: 00:08:48

Health: -2/73      AC: 12    Str: 15    XL:     9   Next: 95%
Magic:  12/16      EV: 10    Int: 35    God:    Ashenzari [......]
Gold:   342        SH:  0    Dex: 13    Spells: 8/18 levels left

rFire   x . .      SeeInvis .     - Unarmed
rCold   + + +      Faith    .   (shield currently unavailable)
rNeg    . . .      Spirit   .   (helmet currently unavailable)
rPois   +          Reflect  .   (no amulet)
rElec   .          Harm     .   c - ring of protection from fire
rCorr   .          Rampage  .   l - ring "Tytet" {Str+4 Int+6}
Will    .....                   h - +6 ring of intelligence
Stlth   +.........              d - ring "Moeschy" {Ice +Blink Str+2 Int+4 Slay-3}
HPRegen 0.22/turn               (no ring)
MPRegen 0.15/turn               (no ring)
                                (no ring)
                                (no ring)

@: ice-form, wereblooded, hasted, very quick
A: freezing attack, boosted hp, almost no armour, amphibious, 8 rings, large,
(camouflage 1), (gelatinous body 1), (nimble swimmer 1), (tentacles), wild magic
1
a: End Transformation, Renounce Religion, Evoke Blink, Curse Item


You were on level 7 of the Dungeon.
You worshipped Ashenzari.
Ashenzari was noncommittal.
You were a creature of crystalline ice.
You visited 2 branches of the dungeon, and saw 8 of its levels.

You collected 368 gold pieces.
You spent 26 gold pieces at shops.

Inventory:

Jewellery
 c - a ring of protection from fire (left front paw)
 d - the ring "Moeschy" (on tentacle) {Ice +Blink Str+2 Int+4 Slay-3}
   (You acquired it on level 2 of the Dungeon)

   [ring of ice]

   It enhances your ice magic.
   Str:       It affects your strength (+2).
   Int:       It affects your intelligence (+4).
   Slay:      It affects your accuracy & damage with ranged weapons and melee
   (-3).
   rF:        It makes you vulnerable to fire.
   rC:        It protects you from cold.
   +Blink:    It lets you blink.
 h - a +6 ring of intelligence (on tentacle)
 l - the ring "Tytet" (right front paw) {Str+4 Int+6}
   (You found it on level 4 of the Dungeon)

   [ring of intelligence]

   Str:       It affects your strength (+4).
   Int:       It affects your intelligence (+6).
Wands
 e - a wand of flame (39) (quivered)
Scrolls
 b - a scroll of fog
 f - 2 scrolls of enchant weapon
 i - a scroll of amnesia
 j - 2 scrolls of magic mapping
Potions
 k - a potion of haste
 m - 2 potions of berserk rage {unknown}


   Skills:
 * Level 5.1 Fighting
 - Level 2.0 Dodging
 + Level 1.4 Shields
 + Level 9.2 Unarmed Combat
 * Level 5.2 Spellcasting
 * Level 5.7 Transmutations
 + Level 1.4 Ice Magic
 - Level 5.0 Poison Magic
 + Level 0.2 Evocations


You had 8 spell levels left.
You knew the following spells:

 Your Spells              Type           Power      Damage    Failure   Level
a - Beastly Appendage     Tmut           100%       N/A       1%          1
b - Wereblood             Tmut           59%        N/A       1%          2
c - Spider Form           Tmut/Pois      57%        N/A       2%          3
d - Ice Form              Ice/Tmut       61%        N/A       14%         4

Your spell library contained the following spells:

 Spells                   Type           Power      Damage    Failure   Level
 Shock                    Conj/Air       44%        1d5       7%          1
 Slow                     Hex            44%        N/A       7%          1
 Corpse Rot               Necr/Air       22%        N/A       10%         2
 Confusing Touch          Hex            11%        N/A       17%         3
 Swiftness                Air            11%        N/A       17%         3
 Yara's Violent Unravell  Hex/Tmut       19%        3d9       43%         5
 Airstrike                Air            5%         N/A       47%         4
 Dispel Undead            Necr           11%        3d9       47%         4
 Fireball                 Conj/Fire      5%         3d5       82%         5
 Death Channel            Necr           5%         N/A       100%        6
 Starburst                Conj/Fire      5%         6d4       100%        6
 Ignition                 Fire           5%         3d4       100%        8


Dungeon Overview and Level Annotations

Branches:
Dungeon (7/15)             Temple (1/1) D:5

Altars:
Ashenzari
Dithmenos
Fedhas
Gozag
Hepliaklqana
Kikubaaqudgha
Makhleb
Nemelex Xobeh
Okawaru
Qazlal
Ru
Sif Muna
Trog
Uskayaw
Vehumet
Wu Jian
Xom
Yredelemnul
The Shining One

Shops:
D:2 ?   D:5 :(

Annotations:
D:7 1 runed translucent door, Dowan, Duvessa


Innate Abilities, Weirdness & Mutations

You are a creature of crystalline ice.
You have a powerful freezing melee attack.
Your maximum health is increased.
Your armour is entirely melded.
You are incapable of wielding weapons or throwing items.
You cannot wear most types of armour.
You are amphibious.
You can wear up to eight rings at the same time.
((Your skin changes colour to match your surroundings (Stealth+).))
((Your rubbery body absorbs attacks. (AC +1, EV +1)))
((You are camouflaged near water. (Stealth+)))
((You have tentacles for arms and can constrict up to eight enemies at once.))
Your spells are a little harder to cast, but a little more powerful.


Message History

The orc priest shouts!
You hit the ice beast but do no damage.
The ice beast hits you but does no damage.
You hit the ice beast.
The ice beast is lightly wounded.
The ice beast hits you but does no damage.
The orc priest calls down the wrath of Beogh upon you.
Beogh smites you!
You hear a shout!
You hit the ice beast.
The ice beast is lightly wounded.
The orc warrior throws a boomerang.
The boomerang closely misses you.
The ice beast hits you but does no damage.
Unknown command.
You barely miss the ice beast.
The ice beast is lightly wounded.
The ice beast closely misses you.
Unknown command.
You punch the ice beast!
The ice beast is heavily wounded.
The ice beast hits you. The ice beast freezes you. You resist.
Unknown command.
Okay, then.
As you read the scroll of teleportation, it crumbles to dust.
You feel strangely unstable. The ice beast closely misses you.
Unknown command.
Your surroundings suddenly seem different.
The orc zaps a wand.
The mass of ice explodes!
The iceblast engulfs you. You partially resist.
* * * LOW HITPOINT WARNING * * *
You hear a croak.
Unknown command.
It was a potion of haste.
You feel yourself speed up.
Unknown command.
The orc zaps a wand.
The mass of ice explodes!
The iceblast engulfs you. You partially resist.
* * * LOW HITPOINT WARNING * * *
The orc priest calls down the wrath of Beogh upon you.
Beogh smites you!
You die...

..## #.....# #.#.##...
#..###.....###........
..###................#
.Y.##...............#
...o.....oo.....$..#
..###.#.#.o........#
#..#######o........#
..####.# #.........###
.......####.....Y....#
..##......##......#.....
.###.....# ###...## ....
. ##..<..# ##.... . .
#....y.# ..... ###oy..#
#...... #..oo..#
#.##.... #..o...>.# #.
..... ##.o..o..##+##..


You could see 3 orc priests and an orc.

Vanquished Creatures
  A two-headed ogre (D:6)
  Grinder (D:3)
  Eustachio (D:5)
  2 steam dragons (D:6)
  Edmund (D:5)
  A water moccasin (D:5)
  2 black bears
  A sky beast (D:7)
  A necrophage (D:6)
  2 ogres
  A phantom (D:6)
  4 scorpions
  A wyvern skeleton (D:5)
  A water moccasin skeleton (D:3)
  3 killer bees
  A centaur zombie (D:7)
  2 bullfrog zombies (D:6)
  2 jellies
  3 hounds
  2 orc priests
  An iguana (D:6)
  Natasha (twice) (D:3)
  8 orc wizards
  A killer bee zombie (D:7)
  A howler monkey skeleton (D:5)
  6 adders
  2 white imps
  An adder skeleton (D:4)
  2 dart slugs (D:1)
  13 orcs
  12 ball pythons
  5 bats
  5 endoplasms
  4 giant cockroaches
  5 goblins
  6 hobgoblins
  6 jackals
  3 quokkas
  4 frilled lizards
  5 kobolds
  6 rats
131 creatures vanquished.

Vanquished Creatures (others)
  A wizard (D:5)
  7 fungi
8 creatures vanquished.

Grand Total: 139 creatures vanquished

Notes
Turn   | Place    | Note
-------+----------+-------------------------------------------
     0 | D:1      | ytrimaz the Octopode Transmuter began the quest for the
                  | Orb.
     0 | D:1      | Reached XP level 1. HP: 13/13 MP: 3/3
   333 | D:1      | Found a faded altar of an unknown god.
   358 | D:1      | Reached XP level 2. HP: 12/18 MP: 5/5
   728 | D:1      | Learned a level 2 spell: Wereblood
  1028 | D:1      | Reached XP level 3. HP: 23/23 MP: 6/6
  1032 | D:1      | Learned a level 3 spell: Spider Form
  1749 | D:2      | Gained mutation: You are partially covered in large bone
                  | plates. (SH +4) [potion of mutation]
  1749 | D:2      | Gained mutation: One of your tentacles bears a spike.
                  | [potion of mutation]
  1985 | D:2      | Identified a scroll of acquirement
  1991 | D:2      | Found Qeef's Magic Scroll Shop.
  1992 | D:2      | Acquired the ring "Moeschy" {Ice +Blink Str+2 Int+4 Slay-3}
  2000 | D:2      | Bought a scroll of identify for 26 gold pieces
  2562 | D:3      | Reached skill level 4 in Unarmed Combat
  2562 | D:3      | Reached XP level 4. HP: 10/29 MP: 6/8
  2791 | D:3      | Reached skill level 1 in Poison Magic
  2905 | D:3      | Reached XP level 5. HP: 33/34 MP: 9/9
  3168 | D:3      | Noticed Grinder
  3183 | D:3      | Killed Grinder
  3184 | D:3      | Reached XP level 6. HP: 16/41 MP: 2/10
  3493 | D:3      | Noticed Natasha
  3500 | D:3      | Killed Natasha
  3739 | D:3      | Reached skill level 5 in Unarmed Combat
  3851 | D:3      | Noticed Natasha
  3854 | D:3      | Killed Natasha
  4035 | D:4      | Identified the ring "Tytet" {Str+4 Int+6}
  4120 | D:4      | Learned a level 4 spell: Ice Form
  4189 | D:4      | Reached XP level 7. HP: 15/46 MP: 6/11
  4586 | D:5      | Entered Level 5 of the Dungeon
  4586 | D:5      | Noticed Eustachio
  4739 | D:5      | Found a bloodstained altar of Trog.
  4741 | D:5      | Noticed a wizard
  4745 | D:5      | Killed a wizard
  4780 | D:5      | Noticed Edmund
  4802 | D:5      | Killed Edmund
  4803 | D:5      | Reached skill level 1 in Shields
  5311 | D:5      | Reached skill level 6 in Unarmed Combat
  5355 | D:5      | Found Wairirao's Self-Improvement Boutique.
  5362 | D:5      | Found Losot's Weapon Shop.
  5376 | D:5      | Killed Eustachio
  5377 | D:5      | Reached XP level 8. HP: 19/54 MP: 10/13
  6018 | D:5      | Found a staircase to the Ecumenical Temple.
  6038 | Temple   | Entered the Ecumenical Temple
  6352 | Temple   | Became a worshipper of Ashenzari the Shackled
  6600 | D:6      | Reached skill level 7 in Unarmed Combat
  6821 | D:6      | Reached XP level 9. HP: 57/59 MP: 12/15
  6929 | D:6      | Reached skill level 8 in Unarmed Combat
  7180 | D:6      | Noticed a two-headed ogre
  7445 | D:6      | Lost mutation: One of your tentacles bears a spike. [potion
                  | of mutation]
  7445 | D:6      | Lost mutation: You are partially covered in large bone
                  | plates. (SH +4) [potion of mutation]
  7445 | D:6      | Gained mutation: Your magical capacity is low. (-10% MP)
                  | [potion of mutation]
  7445 | D:6      | Gained mutation: You are robust. (+10% HP) [potion of
                  | mutation]
  7445 | D:6      | Gained mutation: Your mind is acute. (Int +2) [potion of
                  | mutation]
  7446 | D:6      | Lost mutation: Your magical capacity is low. (-10% MP)
                  | [potion of mutation]
  7446 | D:6      | Lost mutation: Your mind is acute. (Int +2) [potion of
                  | mutation]
  7446 | D:6      | Lost mutation: You are robust. (+10% HP) [potion of
                  | mutation]
  7446 | D:6      | Gained mutation: You sometimes lose the ability to read
                  | scrolls when taking damage. [potion of mutation]
  7447 | D:6      | Lost mutation: You sometimes lose the ability to read
                  | scrolls when taking damage. [potion of mutation]
  7447 | D:6      | Gained mutation: You are weak. (Str -2) [potion of
                  | mutation]
  7448 | D:6      | Lost mutation: You are weak. (Str -2) [potion of mutation]
  7448 | D:6      | Gained mutation: Your spells are a little harder to cast,
                  | but a little more powerful. [potion of mutation]
  7459 | D:6      | Killed a two-headed ogre
  7460 | D:6      | Reached skill level 5 in Spellcasting
  7460 | D:6      | Reached skill level 5 in Transmutations
  7460 | D:6      | Reached skill level 1 in Ice Magic
  7460 | D:6      | Reached skill level 5 in Poison Magic
  7600 | D:7      | Noticed Dowan
  7602 | D:7      | Noticed Duvessa
  7888 | D:7      | Found a runed translucent door.
  8096 | D:7      | Reached skill level 5 in Fighting
  8175 | D:7      | Reached skill level 9 in Unarmed Combat
  8518 | D:7      | Killed from afar by an orc priest

Illustrated notes

Levels and vault maps discovered:
D:1:      dpeg_arrival_houses_and_road, layout_basic,
          hellmonk_ecumenical_altar_crossroads, minmay_misc_feat_tiny
D:2:      layout_basic, serial_shops, nicolae_shop_trees
D:3:      layout_basic, minmay_misc_feat_rows, minmay_box_of_dots, uniq_natasha,
          uniq_grinder
D:4:      layout_cave_pools
D:5:      layout_basic, trog_wizard, minmay_temple_entry_stoned_glass,
          serial_shops, shop, glass_columns_b, nicolae_shop_self_help,
          uniq_edmund, uniq_eustachio
D:6:      kennysheep_steamy, layout_rooms, chequers_serial_rivers_micro_c
D:7:      layout_cave_pools, mainiacjoe_overflow_catch_the_wave,
          ebering_ghost_reflecting_pool, uniq_duvessa
Temple:   dpeg_five_rooms_temple

Skill      XL: |  1  2  3  4  5  6  7  8  9 |
---------------+----------------------------+-----
Unarmed Combat | 4 5 6 7 9 |  9.2
Poison Magic   | 1 2 3 4 5 |  5.0
Fighting       | 2 3 4 5 |  5.1
Spellcasting   | 3 4 5 |  5.2
Transmutations | 3 4 5 |  5.7
Shields        | 1 |  1.4
Ice Magic      | 1 |  1.4
Dodging        | |  2.0
Evocations     | |  0.2

Action                   |  1- 3 |  4- 6 |  7- 9 || total
-------------------------+-------+-------+-------++-------
Melee: Unarmed           |    94 |    79 |   196 ||   369
       Kick              |     9 |    25 |    13 ||    47
       Constrict         |    23 |    23 |    14 ||    60
       Tentacles         |    20 |    14 |    16 ||    50
       Punch             |     2 |     1 |     1 ||     4
 Cast: Beastly Appendage |     5 |       |       ||     5
       Wereblood         |       |     2 |     4 ||     6
       Spider Form       |       |     2 |     3 ||     5
       Ice Form          |       |       |    12 ||    12
Evoke: Wand              |       |       |     3 ||     3
  Use: Scroll            |     8 |     3 |     4 ||    15
       Potion            |     1 |     1 |     6 ||     8
 Stab: Sleeping          |     6 |     7 |     2 ||    15
       Distracted        |       |       |     1 ||     1
Armor: Skin              |     9 |     6 |    65 ||    80
Dodge: Dodged            |    69 |    41 |   138 ||   248
Block: Other             |     7 |     9 |     2 ||    18

Table legend: (Time is in decaauts)
 A = Elapsed time spent in this place.
 B = Non-inter-level travel time spent in this place.
 C = Inter-level travel time spent in this place.
 D = Time resting spent in this place.
 E = Time spent auto-exploring this place.
 F = Levels seen in this place.
 G = Mean time per level.
                   A        B        C        D        E       F      G
               +--------+--------+--------+--------+--------+-----+--------+
         Total |   8475 |   8212 |    263 |    898 |   6102 |   8 | 1059.4 |
       Dungeon |   8108 |   7951 |    157 |    898 |   5854 |   7 | 1158.3 |
        Temple |    366 |    260 |    106 |      0 |    248 |   1 |  366.0 |
               +--------+--------+--------+--------+--------+-----+--------+

Top non-repeatable levels by time:
     D:3: 1564 daAuts
     D:5: 1523 daAuts
     D:6: 1503 daAuts
     D:1: 1474 daAuts
     D:2: 882 daAuts
     D:4: 683 daAuts
     D:7: 475 daAuts
  Temple: 366 daAuts
